 Dungeon Crawl Stone Soup version 0.32-a0-931-g5a2cda0630 (webtiles) character file.

Game seed: 16690773364647778609

5702 croobank the Covert (level 10, -4/66 HPs)
             Began as an Octopode Summoner on Apr 13, 2024.
             Was a Follower of Kikubaaqudgha.
             Slain by a wight
             ... wielding a +4 long sword
              (16 damage)
             ... on level 9 of the Dungeon.
             The game lasted 00:43:51 (9849 turns).

croobank the Covert (Octopode Summoner)             Turns: 9849, Time: 00:43:52

Health: -4/66      AC:  1    Str:  8    XL:     10   Next: 76%
Magic:  12/19      EV: 16    Int: 22    God:    Kikubaaqudgha [*.....]
Gold:   70         SH:  0    Dex: 18    Spells: 7/21 levels left

rFire   + . .        d - +1 dagger (freeze)
rCold   . . .        (no shield)
rNeg    + . .        (helmet restricted)
rPois   .            z - amulet of magic regeneration
rElec   .            j - ring of see invisible
rCorr   +            p - +6 ring of dexterity
SInv    +            r - +4 ring of slaying
Will    +....        C - ring of Dosuiq {rF+ Will+}
Stlth   +++++        s - ring of resist corrosion
HPRegen 0.31/turn    R - ring of resist corrosion
MPRegen 0.56/turn    W - ring of positive energy
                     (no ring)

%: no passive effects
@: studying Earth Magic
A: almost no armour, amphibious, 8 rings, camouflage 1, gelatinous body 1,
(nimble swimmer 1), tentacles
a: Renounce Religion, Unearth Wretches


You were on level 9 of the Dungeon.
You worshipped Kikubaaqudgha.
Kikubaaqudgha was aware of your devotion.
You visited 2 branches of the dungeon, and saw 10 of its levels.
You also visited: Sewer.

You collected 610 gold pieces.
You spent 540 gold pieces at shops.

Inventory:

Hand Weapons
 b - a +0 trident
 d - a +1 dagger of freezing (weapon)
 e - a +0 short sword
 t - a +0 broad axe
 F - a +1 dagger
 G - a +0 orcbow
 I - a +3 short sword
 K - a +3 mace
 L - a +4 scimitar
 P - the +7 mace of Variability {chaos, chaos arc}
   (You found it on level 8 of the Dungeon)
 Q - a +0 scimitar of flaming
 S - a +1 short sword of venom
 T - a +4 spear
 U - a +2 morningstar
 V - a +4 halberd
Missiles
 h - 5 boomerangs
 q - 33 poisoned darts
Armour
 H - a +0 kite shield
Jewellery
 j - a ring of see invisible (left tentacle)
 p - a +6 ring of dexterity (right tentacle)
 r - a +4 ring of slaying (on tentacle)
 s - a ring of resist corrosion (on tentacle)
 z - an amulet of magic regeneration (around mantle)
 C - the ring of Dosuiq (on tentacle) {rF+ Will+}
   (You acquired it in a sewer)

   [ring of willpower]

   rF+:       It protects you from fire.
   Will+:     It increases your willpower.
 R - a ring of resist corrosion (on tentacle)
 W - a ring of positive energy (on tentacle)
Wands
 i - a wand of roots (8)
 n - a wand of paralysis (3)
 J - a wand of light (8)
 M - a wand of flame (15)
Scrolls
 g - 2 scrolls of torment
 k - 4 scrolls of teleportation
 v - 2 scrolls of poison
 y - a scroll of enchant weapon
 B - 2 scrolls of summoning
 E - a scroll of noise
 N - 2 scrolls of blinking
 O - a scroll of revelation
 X - a scroll of silence
Potions
 a - 3 potions of magic
 c - 2 potions of heal wounds
 f - 3 potions of curing
 l - 2 potions of ambrosia
 m - a potion of brilliance
 o - 3 potions of cancellation
 u - 2 potions of mutation
 w - 3 potions of haste
 x - a potion of resistance {unknown}
 A - 2 potions of enlightenment {unknown}
 D - 2 potions of might {unknown}
 Y - a potion of berserk rage {unknown}


   Skills:
 * Level 5.5 Fighting
 * Level 6.6 Dodging
 * Level 9.6 Stealth
 * Level 6.0 Spellcasting
 * Level 7.5 Summonings
 - Level 5.0 Fire Magic
 + Level 3.2 Air Magic
 + Level 5.6 Earth Magic


You had 7 spell levels left.
You knew the following spells:

 Your Spells              Type           Power      Damage    Failure   Level
a - Summon Small Mammal   Summ           100%       N/A       1%          1
b - Call Imp              Summ           78%        N/A       1%          2
c - Call Canine Familiar  Summ           39%        N/A       1%          3
d - Summon Blazeheart Go  Fire/Summ      34%        N/A       7%          4
e - Summon Lightning Spi  Summ/Air       30%        N/A       10%         4

Your spell library contained the following spells:

 Spells                   Type           Power      Damage    Failure   Level
 Passwall                 Erth           31%        N/A       2%          3
 Summon Ice Beast         Ice/Summ       23%        N/A       6%          3
 Apportation              Tloc           12%        N/A       9%          1
 Kiss of Death            Conj/Necr      24%        2d7       9%          1
 Necrotise                Necr           24%        1d5       9%          1
 Sting                    Conj/Alch      24%        1d4       9%          1
 Cigotuvi's Dreadful Rot  Necr/Alch/Air  22%        N/A       9%          2
 Volatile Blastmotes      Fire/Tloc      34%        2d12      10%         3
 Martyr's Knell           Necr/Summ      23%        N/A       19%         4
 Fugue of the Fallen      Necr           6%         N/A       26%         3
 Vampiric Draining        Necr           6%         2d6       26%         3
 Vhi's Electric Charge    Tloc/Air       26%        N/A       43%         4
 Summon Mana Viper        Hex/Summ       23%        N/A       47%         5
 Dispel Undead            Necr           6%         3d8       65%         4
 Monstrous Menagerie      Summ           19%        N/A       98%         7
 Bombard                  Conj/Erth      9%         9d2       99%         6


Dungeon Overview and Level Annotations

Branches:
Dungeon (9/15)             Temple (1/1) D:7           Sewer (visited)
   Lair: D:8-11         Orc: D:9-12

Altars:
Ashenzari
Cheibriados
Dithmenos
Elyvilon
Fedhas
Gozag
Hepliaklqana
Kikubaaqudgha
Nemelex Xobeh
Okawaru
Qazlal
Ru
Sif Muna
Trog
Uskayaw
Wu Jian
Xom
Yredelemnul
Zin
The Shining One

Shops:
D:6 :

Annotations:
D:5 2 runed translucent doors, EvilEddieB's ghost, novice HuCj


Innate Abilities, Weirdness & Mutations

You cannot wear most types of armour.
You are amphibious.
You can wear up to eight rings at the same time.
Your skin changes colour to match your surroundings (Stealth+).
Your rubbery body absorbs attacks. (AC +1, EV +1)
((You are camouflaged when in or above water. (Stealth+)))
You have tentacles for arms and can constrict up to eight enemies at once.


Message History

Found 3 poisoned darts.
There is an open door here.
A wight and a vampire come into view.
A centaur comes into view.
The helpless wraith fails to defend itself.
You spit the wraith like a pig!!! You freeze the wraith.
You destroy the wraith!
Kikubaaqudgha accepts your kill.
Your Spellcasting skill increases to level 6!
You completely miss the wight. You grab the wight. You constrict the wight.
The centaur shouts!
You hear a shout!
The bullfrog croaks.
A centaur warrior comes into view.
The wight closely misses you.
You hit the wight but do no damage.
The wight is lightly damaged.
You constrict the wight.
The centaur warrior wields a +0 orcbow.
The centaur warrior shoots an arrow.
The arrow misses you.
The centaur wields a +0 orcbow.
The centaur shoots an arrow.
The arrow hits you! The bullfrog completely misses you.
The wight closely misses you.
The centaur warrior shoots an arrow.
The arrow barely misses you.
You release your grip on the wight.
The vampire casts a spell at you. You resist with almost no effort.
The bullfrog hits you!
Cast which spell? (? or * to list)
A fiery spirit appears, bound in slag iron.
A killer bee comes into view.
The bullfrog hits you. The vampire hits you! The vampire bites you.
The vampire draws strength from your injuries!
The wight completely misses you.
Casting: Summon Blazeheart Golem (dangerous; 7% risk of failure)
Confirm with . or Enter, or press ? or * to list all spells.
A fiery spirit appears, bound in slag iron.
Your blazeheart golem disappears in a puff of smoke!
The bullfrog hits you. The vampire hits you!
* * * LOW HITPOINT WARNING * * *
The vampire closely misses you.
The wight hits you with a +4 long sword!
You die...
Kikubaaqudgha rasps: You have failed me!
Welcome... death!

## # .# ### ### ### ## ## #
.#####ß###ß###ß###ß###ß# #ß######
.'.....'.......9........ +.....'.
####.#ß###ß###ß#'#ß###ß #ß#.###.
.♣.#'###########@###### ####'#...
♣.♣#.##)# #...§VFz....# #?##.#...
.♣.#.## .....c.z.......+!##.#...
####.##$##ß...........ß##$##.####
#....##[+.......c.......+)##....#
#.ß..# [#....y.(⌠.......#[##.^ß.#
#....##)+...............+!##....#
####.##?##ß...........ß##$##.####
♣ P#.# (+ ..............+!##.#...


You could see a centaur warrior, a vampire, a bullfrog, a centaur, a killer bee,
2 wights and a friendly blazeheart golem (summoned).

Vanquished Creatures
  A centaur warrior (D:9)
  Erica (D:8)
  A wraith (D:9)
  3 yaks (D:9)
  A wyvern (D:7)
  2 chaos spawn (D:8)
  A water moccasin (D:6)
  An orc warrior (D:8)
  2 black bears (D:4)
  3 centaurs
  2 nameless horrors
  2 kobold brigands
  A scorpion (D:6)
  A wight (D:8)
  2 howler monkeys
  3 hounds
  A jelly (D:7)
  An orc priest (D:8)
  An iguana (D:6)
  A sleepcap (D:4)
  3 orc wizards (D:9)
  2 gnolls
  3 adders
  A river rat (D:5)
  A ribbon worm (D:3)
  A dart slug (D:4)
  5 orcs
  3 bats
  2 endoplasms
  2 giant cockroaches (D:1)
  3 goblins
  2 hobgoblins
  2 jackals (D:3)
  3 quokkas
  8 ball pythons
  9 kobolds
  2 rats (D:2)
83 creatures vanquished.

Vanquished Creatures (collateral kills)
  An orc warrior (D:8)
  An ice beast (D:5)
  A crocodile (Sewer)
  An ogre (D:4)
  3 centaurs
  4 kobold brigands
  A bullfrog (D:9)
  2 scorpions
  10 wights
  2 howler monkeys
  A bombardier beetle (D:6)
  A gnoll bouda (D:7)
  An orc priest (D:8)
  A hound (D:5)
  An iguana (D:6)
  2 orc wizards (D:8)
  3 sleepcaps
  11 adders
  11 gnolls
  4 river rats
  A white imp (D:6)
  2 ufetubi (D:5)
  A dart slug (D:4)
  A ribbon worm (Sewer)
  5 orcs
  5 endoplasms
  A giant cockroach (D:5)
  4 goblins
  A hobgoblin (D:1)
  2 jackals (D:1)
  A quokka (D:1)
  7 ball pythons
  2 bats
  3 frilled lizards
  15 kobolds
  3 rats
116 creatures vanquished.

Vanquished Creatures (others)
  9 blazeheart cores
9 creatures vanquished.

Grand Total: 208 creatures vanquished

Notes
Turn   | Place    | Note
-------+----------+-------------------------------------------
     0 | D:1      | croobank the Octopode Summoner began the quest for the Orb.
     0 | D:1      | Reached XP level 1. HP: 11/11 MP: 3/3
    87 | D:1      | Reached skill level 3 in Stealth
    87 | D:1      | Reached XP level 2. HP: 15/17 MP: 3/5
    93 | D:1      | Learned a level 2 spell: Call Imp
   149 | D:1      | Found a faded altar of an unknown god.
   461 | D:1      | Reached XP level 3. HP: 21/21 MP: 6/6
   465 | D:1      | Learned a level 3 spell: Call Canine Familiar
  1056 | D:2      | Reached XP level 4. HP: 27/27 MP: 2/7
  1366 | D:2      | Reached skill level 4 in Stealth
  1762 | D:3      | Reached XP level 5. HP: 31/31 MP: 2/9
  1941 | D:3      | Identified a scroll of acquirement
  1941 | D:3      | Acquired a manual of Earth Magic
  2960 | D:4      | Noticed an ogre
  2979 | D:4      | Killed an ogre
  2980 | D:4      | Reached XP level 6. HP: 36/36 MP: 6/10
  2985 | D:4      | Learned a level 4 spell: Summon Blazeheart Golem
  3026 | D:4      | Noticed a black bear
  3040 | D:4      | Reached skill level 5 in Summonings
  3050 | D:4      | Killed a black bear
  3051 | D:4      | Reached skill level 5 in Stealth
  3145 | D:4      | Reached skill level 1 in Fighting
  3145 | D:4      | Reached skill level 1 in Fire Magic
  3145 | D:4      | Reached skill level 1 in Earth Magic
  3516 | D:4      | Found a sparkling altar of Nemelex Xobeh.
  3732 | D:4      | Reached XP level 7. HP: 43/43 MP: 7/12
  3975 | D:5      | Entered Level 5 of the Dungeon
  4329 | D:5      | Found a glowing drain.
  4342 | Sewer    | Entered a sewer
  4544 | Sewer    | Reached skill level 6 in Stealth
  4579 | Sewer    | Reached XP level 8. HP: 21/50 MP: 8/13
  4868 | Sewer    | Acquired the ring of Dosuiq {rF+ Will+}
  5114 | D:5      | Learned a level 4 spell: Summon Lightning Spire
  5250 | D:5      | Found a large runed translucent door.
  5251 | D:5      | Found a large runed translucent door.
  5254 | D:5      | Noticed EvilEddieB's ghost (novice HuCj)
  6013 | D:6      | Found a hazy altar of Hepliaklqana.
  6204 | D:6      | Reached skill level 7 in Stealth
  6204 | D:6      | Reached skill level 1 in Air Magic
  6543 | D:6      | Reached skill level 5 in Dodging
  6543 | D:6      | Reached XP level 9. HP: 57/57 MP: 15/15
  6701 | D:6      | Found Gistrune's Book Shop.
  7525 | D:7      | Found a staircase to the Ecumenical Temple.
  7529 | Temple   | Entered the Ecumenical Temple
  7554 | Temple   | Became a worshipper of Kikubaaqudgha
  8040 | D:8      | Reached skill level 5 in Spellcasting
  8041 | D:8      | Reached skill level 8 in Stealth
  8221 | D:8      | Found an iron altar of Okawaru.
  8399 | D:8      | Noticed a nameless horror
  8405 | D:8      | Killed a nameless horror
  8468 | D:8      | Reached XP level 10. HP: 39/65 MP: 17/17
  8568 | D:8      | Found a shimmering altar of Xom.
  8568 | D:8      | Found the +7 mace of Variability {chaos, chaos arc}
  8630 | D:8      | Noticed Erica
  8637 | D:8      | Reached * piety under Kikubaaqudgha
  8637 | D:8      | Received a gift from Kikubaaqudgha
  8642 | D:8      | Killed Erica
  8643 | D:8      | Reached skill level 5 in Earth Magic
  8942 | D:9      | Reached skill level 5 in Fighting
  9339 | D:9      | Noticed a centaur warrior
  9344 | D:9      | Killed a centaur warrior
  9345 | D:9      | Reached skill level 9 in Stealth
  9345 | D:9      | Reached skill level 5 in Fire Magic
  9566 | D:6      | Bought a book of Beasts for 540 gold pieces
  9845 | D:9      | Noticed a centaur warrior
  9849 | D:9      | Slain by a wight

Illustrated notes

Levels and vault maps discovered:
D:1:      lemuel_arrival_cross, layout_rooms, ebering_ecumenical_altar_abandoned
D:2:      layout_basic, minmay_tromino_i4
D:3:      layout_loops_corners
D:4:      layout_basic, mainiacjoe_overflow_alcove_2
D:5:      layout_basic, portal_sewer_entry_e, ebering_ghost_disaster_area
D:6:      layout_gridville, mainiacjoe_overflow_tiny_flanked, serial_shops, shop
D:7:      layout_basic, minmay_temple_entry_steel_oval
D:8:      layout_rooms, overflow_temple_1_default,
          minmay_guarded_unrand_variability, uniq_erica
D:9:      wad_statue_garden, layout_cave_pools, marbit_many_paths,
          mainiacjoe_overflow_alcove_4
Temple:   nicolae_temple_bog_church

Skill      XL: |  1  2  3  4  5  6  7  8  9 10 |
---------------+-------------------------------+-----
Stealth        | 3 4 5 6 7 8 9 |  9.6
Dodging        | 3 4 5 6 |  6.6
Spellcasting   | 3 4 5 6 |  6.0
Summonings     | 5 6 7 |  7.5
Fighting       | 1 2 3 4 5 |  5.5
Fire Magic     | 1 2 3 4 5 |  5.0
Earth Magic    | 1 2 3 4 5 |  5.6
Air Magic      | 1 2 3 |  3.2

Action                     |  1- 3 |  4- 6 |  7- 9 | 10-12 || total
---------------------------+-------+-------+-------+-------++-------
  Melee: Unarmed           |     6 |       |       |       ||     6
         Constrict         |     8 |    11 |     9 |     4 ||    32
         Tentacles         |     4 |     9 |    15 |     7 ||    35
         Dagger            |    16 |    35 |    59 |    20 ||   130
   Cast: Summon Small Mamm |    19 |    34 |    53 |     1 ||   107
         Call Imp          |     8 |    16 |    28 |       ||    52
         Call Canine Famil |     2 |     8 |    18 |       ||    28
         Summon Blazeheart |       |       |    13 |     6 ||    19
         Summon Lightning  |       |       |     8 |     6 ||    14
  Evoke: Wand              |       |     3 |       |       ||     3
    Use: Scroll            |     2 |    13 |    11 |       ||    26
         Potion            |       |       |     1 |     2 ||     3
   Stab: Sleeping          |     3 |     8 |     5 |     4 ||    20
         Paralysed         |       |     1 |       |       ||     1
         Distracted        |       |       |     1 |       ||     1
 Armour: Skin              |    18 |    25 |    52 |    26 ||   121
  Dodge: Dodged            |    14 |    29 |    61 |    32 ||   136

Table legend: (Time is in decaauts)
 A = Elapsed time spent in this place.
 B = Non-inter-level travel time spent in this place.
 C = Inter-level travel time spent in this place.
 D = Time resting spent in this place.
 E = Time spent auto-exploring this place.
 F = Levels seen in this place.
 G = Mean time per level.
                   A        B        C        D        E       F      G
               +--------+--------+--------+--------+--------+-----+--------+
         Total |   9841 |   9425 |    416 |   1560 |   5724 |  11 |  894.6 |
       Dungeon |   9046 |   8650 |    396 |   1451 |   5381 |   9 | 1005.1 |
        Temple |     45 |     25 |     20 |      0 |      0 |   1 |   45.0 |
         Sewer |    749 |    749 |      0 |    109 |    343 |   1 |  749.0 |
               +--------+--------+--------+--------+--------+-----+--------+

Top non-repeatable levels by time:
     D:5: 1293 daAuts
     D:3: 1282 daAuts
     D:4: 1106 daAuts
     D:6: 1067 daAuts
     D:7: 996 daAuts
     D:8: 907 daAuts
     D:2: 831 daAuts
     D:9: 806 daAuts
     D:1: 754 daAuts
   Sewer: 749 daAuts
  Temple: 45 daAuts
